 Dungeon Crawl Stone Soup version 0.30-a0-605-gb2882149bf (webtiles) character file.

Game seed: 5639868723709038227

35357 wormed the Spry (level 13, 65/65 HPs)
             Began as a Felid Summoner on Jan 8, 2023.
             Was an Initiate of Gozag.
             Quit the game on level 15 of the Dungeon.
             The game lasted 01:17:29 (32819 turns).

wormed the Spry (Felid Summoner)                   Turns: 32819, Time: 01:17:30

Health: 65/65      AC:  3    Str:  8    XL:     13   Next: 47%
Magic:  28/28      EV: 29    Int: 26    God:    Gozag
Gold:   1735       SH:  0    Dex: 18    Spells: 6/32 levels left
                                        Lives:  0   Deaths: 2

rFire   . . .      SeeInvis +    (weapon unavailable)
rCold   + + .      Faith    .    (shield unavailable)
rNeg    . . .      Spirit   .    (body armour unavailable)
rPois   .          Reflect  .    (helmet unavailable)
rElec   .          Harm     .    (cloak unavailable)
rCorr   .          Rampage  .    (gloves unavailable)
Will    +++..      Archmagi +    (boots unavailable)
Stlth   ++                       l - amulet of Piudgh {rC+ Will+ Regen+ Str+4 Int+3}
HPRegen 1.10/turn                J - ring of the Mage {Wiz Archmagi}
MPRegen 0.21/turn                m - ring of willpower

@: quick
A: very small, claws 1, fangs 3, see invisible, speed 1, shaggy fur 3, stealthy
paws, no weapons or thrown items, no armour, multi-lived
a: Renounce Religion, Potion Petition, Call Merchant, Bribe Branch


You were on level 15 of the Dungeon.
You worshipped Gozag.
Gozag was most pleased with you.
You visited 3 branches of the dungeon, and saw 21 of its levels.

You collected 7550 gold pieces.
You spent 1182 gold pieces at shops.
You paid 4633 gold pieces to Gozag.

Inventory:

Jewellery
 c - a +5 ring of evasion
 d - a ring of poison resistance
 l - the amulet of Piudgh (around neck) {rC+ Will+ Regen+ Str+4 Int+3}
   (You acquired it on level 3 of the Lair of Beasts)

   [amulet of regeneration]

   Str:       It affects your strength (+4).
   Int:       It affects your intelligence (+3).
   rC:        It protects you from cold.
   Regen:     It increases your rate of health regeneration.
   Will:      It increases your willpower.
 m - a ring of willpower (right paw)
 o - a ring of positive energy
 q - the ring "Jung" {rElec rPois}
   (You took it off an orc on level 14 of the Dungeon)

   [ring of poison resistance]

   rElec:     It insulates you from electricity.
   rPois:     It protects you from poison.
 u - an amulet of magic regeneration
 x - a ring of protection from fire
 G - a ring of fire
 J - the ring of the Mage (left paw) {Wiz Archmagi}
   (You bought it in a shop on level 12 of the Dungeon)

   [ring of wizardry]

   It improves your spell success rate.
   Archmagi:  It increases the power of your magical spells.
 L - a ring of protection from cold
Wands
 g - a wand of flame (7) (quivered)
 t - a wand of quicksilver (8)
 w - a wand of roots (14)
 K - a wand of digging (2)
Scrolls
 a - 15 scrolls of teleportation
 e - 10 scrolls of identify
 f - 2 scrolls of fog {unknown}
 s - 4 scrolls of vulnerability
 y - 3 scrolls of fear
 A - 2 scrolls of immolation
 B - 2 scrolls of poison
 C - a scroll of silence
 F - 2 scrolls of blinking
 I - a scroll of magic mapping
Potions
 b - 6 potions of degeneration
 h - 2 potions of resistance
 i - 4 potions of lignification
 j - 6 potions of brilliance
 n - 6 potions of flight
 p - 3 potions of might
 r - 6 potions of mutation
 v - a potion of magic
 z - 2 potions of attraction
 D - a potion of haste
 E - 5 potions of curing
 H - 4 potions of cancellation


   Skills:
 - Level 12.5 Fighting
 - Level 16.0 Dodging
 - Level 2.6 Stealth
 - Level 10.0 Spellcasting
 - Level 10.0 Hexes
 - Level 10.0 Summonings
 - Level 10.0 Translocations
 + Level 9.4 Transmutations
 + Level 10.6 Air Magic


You had 6 spell levels left.
You knew the following spells:

 Your Spells              Type           Power      Damage    Failure   Level
a - Summon Mana Viper     Hex/Summ       78%        N/A       1%          5
b - Call Canine Familiar  Summ           78%        N/A       1%          3
c - Summon Lightning Spi  Summ/Air       79%        N/A       1%          4
d - Summon Forest         Summ/Tloc      39%        N/A       1%          5
e - Vhi's Electric Charg  Tloc/Air       100%       N/A       1%          3
f - Blink                 Tloc           100%       N/A       1%          2
g - Summon Small Mammal   Summ           100%       N/A       1%          1
h - Summon Guardian Gole  Hex/Summ       78%        N/A       1%          3

Your spell library contained the following spells:

 Spells                   Type           Power      Damage    Failure   Level
 Apportation              Tloc           100%       N/A       1%          1
 Magic Dart               Conj           76%        1d6       1%          1
 Slow                     Hex            100%       N/A       1%          1
 Call Imp                 Summ           78%        N/A       1%          2
 Ensorcelled Hibernation  Hex/Ice        100%       N/A       1%          2
 Momentum Strike          Conj/Tloc      100%       3d10      1%          2
 Static Discharge         Conj/Air       100%       2-7/arc   1%          2
 Confusing Touch          Hex            78%        N/A       1%          3
 Dazzling Flash           Conj/Hex       100%       N/A       1%          3
 Gell's Gravitas          Tloc           78%        N/A       1%          3
 Lesser Beckoning         Tloc           100%       N/A       1%          3
 Mephitic Cloud           Conj/Pois/Air  47%        N/A       1%          3
 Spider Form              Tmut/Pois      54%        N/A       1%          3
 Teleport Other           Tloc           78%        N/A       1%          3
 Silence                  Hex/Air        39%        N/A       1%          5
 Anguish                  Hex/Necr       27%        N/A       2%          4
 Fulminant Prism          Conj/Hex       27%        3d13      2%          4
 Leda's Liquefaction      Hex/Erth       27%        N/A       2%          4
 Petrify                  Tmut/Erth      54%        N/A       2%          4
 Summon Ice Beast         Ice/Summ       55%        N/A       2%          4
 Vampiric Draining        Necr           19%        2d7       6%          3
 Arcjolt                  Conj/Air       28%        1d38      6%          5
 Lightning Bolt           Conj/Air       28%        1d45      6%          5
 Metabolic Englaciation   Hex/Ice        27%        N/A       6%          5
 Alistair's Intoxication  Tmut/Pois      36%        N/A       8%          5
 Irradiate                Conj/Tmut      27%        3d20      8%          5
 Statue Form              Tmut/Erth      36%        N/A       38%         6
 Agony                    Necr           19%        N/A       43%         5
 Lee's Rapid Deconstruct  Erth           9%         3d7*      43%         5
 Monstrous Menagerie      Summ           39%        N/A       26%         7
 Storm Form               Tmut/Air       39%        N/A       26%         7
 Maxwell's Capacitive Co  Air            40%        ∞         80%         8
 Haunt                    Necr/Summ      27%        N/A       86%         7
 Dragon's Call            Summ           39%        N/A       100%        9


Dungeon Overview and Level Annotations

Branches:
Dungeon (15/15)            Temple (1/1) D:5            Lair (5/5) D:8
  Swamp (0/4) Lair:3        Snake (0/4) Lair:3        Slime (0/5) Lair:4
    Orc (0/2) D:10         Vaults (0/5) D:14
 Depths: D:15

Altars:
Ashenzari
Cheibriados
Dithmenos
Elyvilon
Fedhas
Gozag
Hepliaklqana
Kikubaaqudgha
Makhleb
Nemelex Xobeh
Okawaru
Qazlal
Ru
Sif Muna
Trog
Uskayaw
Vehumet
Wu Jian
Xom
Yredelemnul
Zin
The Shining One

Shops:
D:8 (   D:12 =   D:14 =   Lair:2 ::   Lair:3 :

Annotations:
D:11 Maurice


Innate Abilities, Weirdness & Mutations

You have sharp claws.
You have razor-sharp teeth.
You have supernaturally acute eyesight. (SInv)
You cover ground quickly. (Speed+)
Your thick and shaggy fur keeps you warm. (AC +3, rC+)
Your paws help you pounce on unaware monsters.
You are incapable of wielding weapons or throwing items.
You cannot wear armour.
You gain extra lives every three experience levels.


Message History

The large rock completely misses you.
A death knight comes into view. It is wielding a +0 glaive.
The death knight shouts!
A black mamba comes into view.
The death knight barely misses you.
The black mamba hisses angrily.
You scratch the death knight but do no damage.
Your mana viper disappears in a puff of smoke!
The death knight closely misses you.
You barely miss the death knight. The death knight barely misses you.
You barely miss the death knight. The death knight misses you.
You scratch the death knight but do no damage.
The black mamba changes into a human!
The death knight offers itself to Yredelemnul, and fills with unholy energy.
The death knight hits you from afar with a +0 glaive!!
The human is distracted by your dazzling golden aura.
The human shouts!
Casting: Summon Mana Viper (dangerous; 1% risk of failure)
Confirm with . or Enter, or press ? or * to list all spells.
You feel a surge of power!
A mana viper appears with a sibilant hiss.
The death knight misses you.
Casting: Summon Mana Viper (dangerous; 1% risk of failure)
Confirm with . or Enter, or press ? or * to list all spells.
You feel a surge of power!
The death knight hits you from afar with a +0 glaive!!
* * * LOW HITPOINT WARNING * * *
Your mana viper barely misses the death knight.
The cyclops throws a large rock.
The large rock closely misses your warg.
The large rock completely misses you.
You are confused.
You feel invigorated.
The human is no longer distracted by gold.
Your mana viper bites the death knight but does no damage.
The death knight hits you from afar with a +0 glaive!!
You die...
You are now level 13!
You rejoin the land of the living...
Are you sure you want to abandon this character and quit the game? (Confirm with "yes".) ############### .......@....... ###############

There were no monsters in sight!

Vanquished Creatures
  A cane toad (Lair:1)
  Psyche (D:9)
  A water elemental (D:14)
  2 water moccasins
  A centaur (D:8)
  An orc wizard (D:2)
  An ogre zombie (D:10)
  An adder (D:5)
  2 orcs
  2 bats
13 creatures vanquished.

Vanquished Creatures (collateral kills)
  The ghost of Jocum the Warrior, a journeyman MiFi of Lugonu (D:14)
  A fire dragon (D:15)
  6 hydras
  An ogre mage (D:12)
  8 vault guards (D:14)
  3 boulder beetles
  A merfolk avatar (Lair:5)
  5 two-headed ogres
  6 centaur warriors
  2 tengu warriors
  4 death yaks (Lair:3)
  An orc high priest (D:14)
  A deep elf knight (D:14)
  A wizard (D:14)
  2 lindwurms (Lair:1)
  5 orc knights
  5 deep elf pyromancers
  21 ugly things
  2 oklob plants (Lair:4)
  9 cyclopes
  7 manticores
  12 elephants
  5 black mambas
  2 gargoyles
  2 cane toads
  8 komodo dragons
  4 kobold demonologists
  4 rime drakes
  A yaktaur (D:14)
  A freezing wraith (D:14)
  A troll (D:12)
  A polar bear (shapeshifter) (D:14)
  4 polar bears
  3 meliai (D:14)
  10 blink frogs
  2 wind drakes (Lair:5)
  2 hornets
  15 slime creatures (D:14)
  2 shadows
  2 water elementals (D:14)
  5 wyverns
  A centaur simulacrum (D:15)
  2 wraiths
  28 yaks
  6 basilisks
  A human (shapeshifter) (D:14)
  4 steam dragons
  A warg (D:14)
  5 vampire mosquitoes
  4 nagas (Lair:3)
  2 acid dragons
  11 water moccasins
  An ice beast (D:5)
  7 orc warriors
  4 ogres
  A black bear (D:6)
  15 centaurs
  3 wolves (Lair:2)
  2 phantoms
  A kobold brigand (D:10)
  5 nameless horrors
  8 bullfrogs
  3 scorpions
  7 wights (D:8)
  A troll zombie (D:10)
  3 howler monkeys
  3 hounds
  5 orc priests
  8 iguanas
  Natasha (thrice) (D:2)
  10 orc wizards
  6 ogre zombies (D:10)
  9 gnolls
  6 adders
  2 white imps
  2 dart slugs
  51 orcs
  13 endoplasms
  2 giant cockroaches
  A hobgoblin (D:4)
  2 jackals (D:2)
  17 kobolds
  3 ball pythons
  4 bats
  3 frilled lizards
  4 goblins
  2 goblin skeletons (D:10)
  2 hobgoblin zombies (D:10)
  3 orc skeletons (D:10)
  13 orc zombies (D:10)
  3 rats
  A bush (Lair:4)
482 creatures vanquished.

Vanquished Creatures (others)
  A deep elf pyromancer (D:10)
  A lindwurm (Lair:1)
  A deep elf zephyrmancer (D:10)
  2 cyclopes
  A gargoyle (D:10)
  A torpor snail (Lair:1)
  Maggie (D:10)
  2 komodo dragons (Lair:2)
  A hornet (D:7)
  A wyvern (D:9)
  6 yaks
  A steam dragon (D:10)
  A water moccasin (D:6)
  An ice beast (D:5)
  2 black bears
  4 orc warriors
  4 ogres
  2 centaurs
  A gnoll sergeant (D:10)
  Blork the orc (D:5)
  A bullfrog (D:6)
  2 scorpions
  9 wights
  5 killer bees
  A jelly (D:6)
  A gnoll bouda (D:7)
  3 iguanas (Lair:2)
  An orc wizard (D:11)
  An adder (D:6)
  6 gnolls
  6 orcs
  A goblin zombie (D:10)
  A hobgoblin skeleton (D:10)
  A hobgoblin zombie (D:10)
  2 orc skeletons (D:10)
  A bush (Lair:1)
  33 fungi
  98 plants
  4 snaplasher vines
212 creatures vanquished.

Grand Total: 707 creatures vanquished

Notes
Turn   | Place    | Note
-------+----------+-------------------------------------------
     0 | D:1      | wormed the Felid Summoner began the quest for the Orb.
     0 | D:1      | Reached XP level 1. HP: 7/7 MP: 4/4
    75 | D:1      | Reached XP level 2. HP: 11/11 MP: 3/6
   997 | D:2      | Reached XP level 3. HP: 14/14 MP: 5/8
  1001 | D:2      | Learned a level 3 spell: Call Canine Familiar
  1037 | D:2      | Noticed Natasha
  1084 | D:2      | Killed Natasha
  1154 | D:2      | Noticed Natasha
  1170 | D:2      | Killed Natasha
  1171 | D:2      | Reached skill level 5 in Summonings
  1171 | D:2      | Reached XP level 4. HP: 18/18 MP: 5/10
  1231 | D:2      | Learned a level 3 spell: Summon Guardian Golem
  1980 | D:2      | Reached skill level 1 in Hexes
  2123 | D:2      | Noticed Natasha
  2137 | D:2      | Killed Natasha
  2138 | D:2      | Reached skill level 3 in Dodging
  2138 | D:2      | Reached XP level 5. HP: 21/21 MP: 8/11
  2671 | D:3      | Noticed a nameless horror
  2702 | D:3      | Killed a nameless horror
  2731 | D:2      | Reached skill level 1 in Fighting
  2874 | D:3      | HP: 1/22 [orc priest/divine providence (12)]
  3137 | D:3      | Learned a level 4 spell: Summon Lightning Spire
  3609 | D:4      | Gained mutation: You are covered in thick fur. (AC +2)
                  | [Felid growth]
  3609 | D:4      | Reached XP level 6. HP: 21/25 MP: 6/12
  4065 | D:4      | Reached skill level 4 in Dodging
  4065 | D:4      | Reached XP level 7. HP: 30/30 MP: 3/14
  4474 | D:4      | Found an iron altar of Okawaru.
  4474 | D:4      | Found a glowing golden altar of the Shining One.
  4645 | D:4      | Reached skill level 5 in Hexes
  4845 | D:5      | Entered Level 5 of the Dungeon
  4988 | D:4      | Reached skill level 1 in Air Magic
  5276 | D:5      | Noticed Blork the orc
  5279 | D:5      | Found a staircase to the Ecumenical Temple.
  5286 | Temple   | Entered the Ecumenical Temple
  5775 | D:6      | Found a shadowy altar of Dithmenos.
  5821 | D:6      | Reached skill level 5 in Dodging
  5821 | D:6      | Reached XP level 8. HP: 34/34 MP: 10/15
  6002 | D:6      | Found an ancient bone altar of Kikubaaqudgha.
  6723 | D:5      | Reached skill level 5 in Spellcasting
  6934 | D:5      | Reached skill level 6 in Dodging
  6948 | D:5      | Killed Blork the orc
  7341 | D:5      | Reached XP level 9. HP: 39/39 MP: 10/17
  7648 | D:5      | Found a hazy altar of Hepliaklqana.
  7747 | D:7      | Found a blossoming altar of Fedhas.
  7947 | D:7      | Found an opulent altar of Gozag.
  8056 | D:7      | Became a worshipper of Gozag Ym Sagoz the Greedy
  8083 | D:7      | Reached skill level 5 in Air Magic
  8411 | D:7      | Reached skill level 5 in Fighting
  8636 | D:7      | Noticed a cyclops
  8646 | D:7      | Killed a cyclops
  8647 | D:7      | Reached skill level 7 in Dodging
  9237 | D:7      | Reached XP level 10. HP: 39/45 MP: 2/20
  9653 | D:8      | Found a bloodstained altar of Trog.
  9692 | D:8      | Found a staircase to the Lair.
  9859 | D:8      | Found Dunieguv's Firing Range.
 10513 | D:9      | Noticed a cyclops
 10519 | D:9      | Reached skill level 8 in Dodging
 10522 | D:9      | Killed a cyclops
 10744 | D:9      | Noticed Psyche
 10830 | D:9      | Killed Psyche
 12021 | D:10     | Entered Level 10 of the Dungeon
 12060 | D:10     | Noticed a deep elf pyromancer
 12713 | D:10     | Found a staircase to the Orcish Mines.
 12877 | D:10     | Reached skill level 9 in Dodging
 13143 | D:10     | Killed a deep elf pyromancer
 13200 | D:10     | Identified the +2 sling of Dawn {flame, rF- Int+6 Dex+4}
 13204 | D:10     | Noticed Maggie
 13218 | D:10     | Killed Maggie
 13448 | D:10     | Reached XP level 11. HP: 50/50 MP: 13/22
 14179 | D:10     | Found a basalt altar of Yredelemnul.
 14249 | D:10     | Noticed a deep elf zephyrmancer
 14274 | D:10     | Killed a deep elf zephyrmancer
 14275 | D:10     | Reached skill level 10 in Dodging
 14941 | D:11     | Noticed Maurice
 15344 | D:11     | Noticed a soul eater
 16060 | Lair:1   | Entered Level 1 of the Lair of Beasts
 16522 | Lair:1   | Reached skill level 11 in Dodging
 16681 | Lair:1   | Reached skill level 10 in Summonings
 16899 | Lair:1   | Noticed a lindwurm
 16902 | Lair:1   | Noticed a lindwurm
 17302 | Lair:1   | Gained mutation: Your thick and shaggy fur keeps you warm.
                  | (AC +3, rC+) [Felid growth]
 17302 | Lair:1   | Reached XP level 12. HP: 51/56 MP: 25/25
 18112 | Lair:2   | Reached skill level 12 in Dodging
 18439 | Lair:2   | Noticed a four-headed hydra
 18455 | Lair:2   | Killed a four-headed hydra
 19324 | Lair:2   | Reached skill level 10 in Fighting
 19464 | Lair:2   | Learned a level 3 spell: Vhi's Electric Charge
 19467 | Lair:2   | Learned a level 2 spell: Blink
 19488 | Lair:2   | Bought a book of Beasts for 570 gold pieces
 19495 | Lair:2   | Learned a level 5 spell: Summon Mana Viper
 19502 | Lair:3   | Noticed a death yak
 19502 | Lair:3   | Noticed a death yak
 19502 | Lair:3   | Noticed a death yak
 19502 | Lair:3   | Noticed a death yak
 19689 | Lair:3   | Reached skill level 1 in Translocations
 19806 | Lair:3   | Found a staircase to the Snake Pit.
 20175 | Lair:3   | Killed a death yak
 20176 | Lair:3   | Reached skill level 13 in Dodging
 20186 | Lair:3   | Killed a death yak
 20368 | Lair:3   | Killed a death yak
 20369 | Lair:3   | Killed a death yak
 20419 | Lair:3   | Reached skill level 10 in Spellcasting
 20574 | Lair:3   | Found a staircase to the Swamp.
 20652 | Lair:3   | Noticed a seven-headed hydra
 20678 | Lair:3   | Killed a seven-headed hydra
 20679 | Lair:3   | Reached XP level 13. HP: 62/62 MP: 0/28
 21452 | Lair:3   | Identified 3 scrolls of acquirement
 21459 | Lair:3   | Acquired 707 gold pieces
 21461 | Lair:3   | Acquired Heheidya's Secrets of the Dynamic Commander
 21463 | Lair:3   | Acquired the amulet of Piudgh {rC+ Will+ Regen+ Str+4
                  | Int+3}
 21482 | Lair:3   | Learned a level 5 spell: Summon Forest
 22228 | Lair:4   | Reached skill level 5 in Translocations
 22346 | Lair:4   | Found the +1 robe of Vines {NoPotionHeal Regen++++}
 22764 | Lair:4   | Found a staircase to the Slime Pits.
 23322 | Lair:5   | Entered Level 5 of the Lair of Beasts
 23409 | Lair:5   | Reached skill level 10 in Hexes
 23634 | Lair:5   | Reached skill level 14 in Dodging
 25787 | D:12     | Reached skill level 15 in Dodging
 26373 | D:12     | Reached XP level 14. HP: 68/68 MP: 12/29
 26639 | D:12     | Reached skill level 10 in Translocations
 27027 | D:12     | Bought the ring of the Mage {Wiz Archmagi} for 612 gold
                  | pieces
 27027 | D:12     | Found the ring of the Mage {Wiz Archmagi}
 27633 | D:13     | Reached skill level 16 in Dodging
 28049 | D:14     | Reached skill level 1 in Transmutations
 28170 | D:14     | Found a runed translucent gate.
 28170 | D:14     | Found a runed translucent gate.
 28170 | D:14     | Found a runed translucent gate.
 28174 | D:14     | Noticed Jocum's ghost (journeyman MiFi)
 28178 | D:14     | Identified the +3 plate armour of the Special Tales {rCorr}
 28180 | D:14     | Identified the ring "Jung" {rElec rPois}
 29057 | D:14     | Reached skill level 5 in Transmutations
 30958 | D:14     | Found a gate to the Vaults.
 30969 | D:14     | Reached XP level 15. HP: 52/73 MP: 13/30
 31348 | D:14     | HP: 1/73 [centaur warrior/arrow (28)]
 31352 | D:14     | Shot with an arrow by a centaur warrior
 31353 | D:14     | Reached XP level 14. HP: -12/69 MP: 8/29
 31627 | D:14     | Acquired 1055 gold pieces
 31666 | D:14     | Reached skill level 10 in Air Magic
 31668 | D:14     | Killed Jocum's ghost
 32202 | D:15     | Entered Level 15 of the Dungeon
 32818 | D:15     | Slain by a death knight
 32819 | D:15     | Reached XP level 13. HP: -4/65 MP: 7/28
 32819 | D:15     | Quit the game

Illustrated notes

Levels and vault maps discovered:
D:1:      wander_arrival_lonely_grave, layout_loops_ring
D:2:      layout_basic, cheibrodos_gnoll_hut, uniq_natasha
D:3:      layout_basic
D:4:      layout_basic, gammafunk_temple_overflow_elements,
          kennysheep_generic_room_8
D:5:      layout_rooms, general_overflow_altar, minmay_temple_entry_sparse_star,
          uniq_blork_the_orc
D:6:      layout_basic, mainiacjoe_overflow_alcove_4,
          nicolae_overflow_crystal_walls
D:7:      layout_rooms, nicolae_gozag_cash_rules_everything_around_me,
          fedhas_altar_3, grunt_decor_fettered
D:8:      layout_basic, trog_butcher_becter, lair_entry_dummy,
          supply_closet_lemuel, nicolae_shop_firing_range
D:9:      layout_roguey [special_room_orc], serial_bayou, serial_bayou_pond_a,
          serial_bayou_pond_a, serial_bayou_pond_e, serial_bayou_pond_d,
          uniq_psyche
D:10:     layout_loops_ring, kennysheep_little_box, zombieorc2_lemuel,
          minmay_misc_feat_rows, minmay_three_doors, uniq_maggie
D:11:     layout_rooms, uniq_maurice
D:12:     layout_big_octagon
D:13:     layout_roguey, kennysheep_cross_room, skrybe_limestone_x
D:14:     nicolae_hexawheel, layout_small_grid, erik_vaults_2,
          chequers_big_river, biasface_ghost_orc_armoury, grunt_ministairs_4
D:15:     grunt_enter_depths_snipers, layout_basic, elyvilon_altar_5,
          minmay_shattered_shrine
Temple:   hellmonk_temple_forest_ring
Lair:1:   layout_long_grid, nicolae_lair_lindhole
Lair:2:   beast_lair_carwin_large_4, layout_long_grid, hibernation_bobbens
Lair:3:   layout_regular_city, minmay_swamp_entry_swarm,
          minmay_snake_entry_guardpost_medium
Lair:4:   layout_regular_city, slime_entry_1, hellmonk_guarded_unrand_vines,
          serial_bayou_shore_a, lemuel_fruit_fields, lemuel_fruit_tree,
          serial_bayou_shore_b
Lair:5:   gammafunk_lair_ancient_temple, layout_cave_pods

Skill      XL: |  1  2  3  4  5  6  7  8  9 10 11 12 13 14 15 |
---------------+----------------------------------------------+-----
Spellcasting   | 3 4 5 6 7 8 10 | 10.0
Summonings     | 5 6 7 8 10 | 10.0
Hexes          | 1 3 4 5 8 10 | 10.0
Dodging        | 3 4 5 6 7 9 11 13 15 16 | 16.0
Fighting       | 1 2 3 4 5 7 8 10 11 12 | 12.5
Air Magic      | 2 4 6 7 10 | 10.6
Translocations | 3 9 10 | 10.0
Transmutations | 9 8 |  9.4
Stealth        | |  2.6

Action                   |  1- 3 |  4- 6 |  7- 9 | 10-12 | 13-15 || total
-------------------------+-------+-------+-------+-------+-------++-------
Melee: Unarmed           |     7 |    11 |    41 |    58 |    29 ||   146
       Bite              |       |     3 |     6 |    10 |     5 ||    24
       Punch             |       |       |     2 |     1 |       ||     3
 Cast: Summon Small Mamm |    36 |    23 |    28 |    43 |       ||   130
       Call Canine Famil |     2 |    31 |    52 |    93 |    64 ||   242
       Summon Guardian G |       |     5 |    59 |    78 |       ||   142
       Summon Lightning  |       |       |     9 |    85 |    41 ||   135
       Summon Mana Viper |       |       |       |    19 |   122 ||   141
       Summon Forest     |       |       |       |       |    75 ||    75
Invok: Call Merchant     |       |       |       |     2 |     3 ||     5
Evoke: Wand              |       |       |       |     5 |       ||     5
  Use: Scroll            |       |       |    18 |     7 |    12 ||    37
       Potion            |       |       |     8 |     3 |     4 ||    15
 Stab: Distracted        |       |       |       |     2 |     4 ||     6
Armor: Skin              |     3 |       |    22 |     7 |     1 ||    33
Dodge: Dodged            |    33 |    28 |   118 |   256 |   146 ||   581

Table legend: (Time is in decaauts)
 A = Elapsed time spent in this place.
 B = Non-inter-level travel time spent in this place.
 C = Inter-level travel time spent in this place.
 D = Time resting spent in this place.
 E = Time spent auto-exploring this place.
 F = Levels seen in this place.
 G = Mean time per level.
                   A        B        C        D        E       F      G
               +--------+--------+--------+--------+--------+-----+--------+
         Total |  29736 |  28740 |    996 |     58 |  22136 |  21 | 1416.0 |
       Dungeon |  21103 |  20296 |    807 |     17 |  15177 |  15 | 1406.9 |
        Temple |    162 |    158 |      4 |      0 |    148 |   1 |  162.0 |
          Lair |   8470 |   8286 |    184 |     41 |   6810 |   5 | 1694.0 |
               +--------+--------+--------+--------+--------+-----+--------+

Top non-repeatable levels by time:
    D:14: 3858 daAuts
    D:10: 2339 daAuts
  Lair:5: 2136 daAuts
     D:9: 1890 daAuts
  Lair:3: 1799 daAuts
  Lair:4: 1643 daAuts
     D:8: 1532 daAuts
  Lair:1: 1503 daAuts
     D:4: 1503 daAuts
     D:2: 1424 daAuts
  Lair:2: 1387 daAuts
     D:7: 1384 daAuts
    D:12: 1146 daAuts
     D:6: 1082 daAuts
     D:5: 975 daAuts
